 Dungeon Crawl Stone Soup version 0.26-a0-1013-gf6ffb0d6bd (webtiles) character file.

Game seed: 14934066522037031301

5266 marklar909 the Grappler (level 10, -7/94 HPs)
             Began as a Troll Berserker on Dec 8, 2020.
             Was a High Priest of Trog.
             Mangled by a two-headed ogre
             ... wielding a +0 giant club
              (12 damage)
             ... while petrified by a basilisk
             ... on level 9 of the Dungeon.
             The game lasted 00:12:23 (7878 turns).

marklar909 the Grappler (Troll Berserker)           Turns: 7878, Time: 00:12:23

Health: -7/94      AC:  6    Str: 27    XL:     10   Next: 36%
Magic:  9/9        EV:  1    Int:  5    God:    Trog [*****.]
Gold:   601        SH:  0    Dex: 10    Spells: 9/9 levels left

rFire    . . .     SeeInvis .     - Unarmed
rCold    . . .     Faith    .   (no shield)
rNeg     + + +     Spirit   .   a - +0 animal skin
rPois    ∞         Reflect  .   (helmet restricted)
rElec    .         Harm     .   (no cloak)
rCorr    .         Rampage  .   (gloves unavailable)
Will     .....                  (boots unavailable)
Stlth    ++........             (no amulet)
HPRegen  0.65/turn              (no ring)
MPRegen  0.11/turn              (no ring)

@: petrified, berserk cooldown, slowed
A: large, unfitting armour, claws 3, regeneration 1, shaggy fur 1, tough skin 3
a: Berserk, Trog's Hand, Brothers in Arms, Renounce Religion


You were on level 9 of the Dungeon.
You worshipped Trog.
Trog was extremely pleased with you.
You visited 1 branch of the dungeon, and saw 9 of its levels.
You also visited: Sewer and Ossuary.

You collected 601 gold pieces.

Inventory:

Missiles
 m - 50 poisoned darts (quivered)
 n - 10 boomerangs
Armour
 a - a +0 animal skin (worn)
Jewellery
 j - a +4 ring of slaying {unknown}
 r - an uncursed ring of fire {unknown}
 v - an uncursed amulet of the acrobat {unknown}
 A - an uncursed ring of magical power {unknown}
Wands
 u - a wand of polymorph (6)
 z - a wand of random effects (10)
 D - a wand of iceblast (6)
 E - a wand of flame (14)
Scrolls
 c - 9 scrolls of identify {unknown}
 d - a scroll of amnesia {unknown}
 o - 2 scrolls of fog {unknown}
 p - a scroll of noise {unknown}
 q - 10 scrolls of teleportation {unknown}
 s - a scroll of fear {unknown}
 t - 7 scrolls of remove curse {unknown}
 w - 2 scrolls of blinking {unknown}
 y - a scroll of enchant weapon {unknown}
 C - a scroll of random uselessness {unknown}
 G - a scroll of immolation {unknown}
Potions
 b - a potion of resistance {unknown}
 e - a potion of degeneration {unknown}
 f - a potion of ambrosia {unknown}
 g - 2 potions of might {unknown}
 h - 2 potions of berserk rage {unknown}
 i - 2 potions of flight {unknown}
 k - a potion of invisibility {unknown}
 l - 8 potions of curing {unknown}
 x - a potion of brilliance {unknown}
 B - a potion of haste {unknown}
 F - a potion of heal wounds {unknown}


   Skills:
 * Level 4.7 Fighting
 * Level 5.5 Throwing
 * Level 3.1 Armour
 * Level 6.4 Dodging
 + Level 1.5 Stealth
 + Level 10.4 Unarmed Combat


You had 9 spell levels left.
You didn't know any spells.
Your spell library was empty.

Dungeon Overview and Level Annotations

Branches:
Dungeon (9/15)             Temple (0/1) D:6            Lair (0/6) D:9
  Sewer (visited)         Ossuary (visited)
    Orc: D:9-12

Altars:
Cheibriados
Dithmenos
Elyvilon
Fedhas
Kikubaaqudgha
Nemelex Xobeh
Ru
Vehumet

Shops:
D:8 (


Innate Abilities, Weirdness & Mutations

You are too large for most types of armour.
You have claws for hands.
Your natural rate of healing is unusually fast.
You are covered in fur. (AC +1)
You have extremely tough skin. (AC +3)


Message History

Things that are here:
a +0 hand axe; an orc corpse You barely miss the two-headed ogre.
You claw the two-headed ogre!
The two-headed ogre is lightly wounded.
The basilisk bites you!
The two-headed ogre hits you with a +0 giant club!!
The two-headed ogre hits you with a +0 great mace!!
The orc warrior hits you from afar with a +0 glaive.
The basilisk gazes at you. You resist with some effort.
You have turned to stone.
The two-headed ogre hits you with a +0 giant club!!
* * * LOW HITPOINT WARNING * * *
The two-headed ogre hits you but does no damage.
The orc warrior hits you from afar with a +0 glaive!
* * * LOW HITPOINT WARNING * * *
The basilisk completely misses you.
The two-headed ogre hits you with a +0 giant club!!
* * * LOW HITPOINT WARNING * * *
The two-headed ogre hits you with a +0 great mace!!
You die... ..P... ### #.P...P #.. ....... #.# ##....... #.####.....>.. #...
Zo.......

..#####..#
#lOl.....
.........#
#@#
#####..###.#
#..>.....).#
#.###......#
#.# ###..###
#.#
#.$......#
#.#
##.#######
#.# #.# #.#
#.#


You could see a two-headed ogre, 2 basilisks, an orc warrior and a wyvern
skeleton.

Vanquished Creatures
  Pikel (D:6)
  An elephant (D:9)
  A troll (D:7)
  Sigmund (D:2)
  2 ice beasts
  A black bear (D:8)
  An orc warrior (D:6)
  A sky beast (D:7)
  A phantom (D:8)
  4 ogres
  2 centaurs
  2 lemures (D:6)
  7 big kobolds (Sewer)
  3 bullfrogs
  2 scorpions (D:8)
  A water moccasin skeleton (D:4)
  3 killer bees (D:7)
  9 wights (D:7)
  A howler monkey (D:8)
  5 centaur zombies
  A bullfrog zombie (D:7)
  2 centaur skeletons (D:4)
  7 orc priests
  A gnoll shaman (D:4)
  5 hounds
  2 jellies
  4 orc wizards
  4 iguanas
  5 worker ants
  Ijyb (D:4)
  2 hound zombies
  3 mummies (Ossuary)
  A howler monkey zombie (D:4)
  Robin (D:4)
  A worker ant zombie (D:6)
  4 gnolls (D:4)
  3 river rats (Sewer)
  13 adders
  3 ufetubi (D:7)
  3 oozes
  5 adder zombies
  An adder skeleton (D:5)
  8 worms
  8 leopard geckos
  28 orcs
  5 ball pythons (Sewer)
  9 giant cockroaches
  A gnoll zombie (Ossuary)
  15 goblins
  9 hobgoblins
  13 jackals
  14 kobolds
  6 quokkas
  13 bats
  4 frilled lizards (D:2)
  A giant cockroach zombie (D:4)
  3 goblin zombies (Ossuary)
  3 hobgoblin zombies (Ossuary)
  3 jackal zombies (Ossuary)
  4 kobold zombies (Ossuary)
  A leopard gecko skeleton (D:7)
  2 leopard gecko zombies (D:4)
  3 orc zombies (Ossuary)
  7 quokka zombies (Ossuary)
  14 rats
  3 rat zombies (Ossuary)
298 creatures vanquished.

Vanquished Creatures (collateral kills)
  3 killer bees (D:7)
  An orc priest (D:7)
  An orc wizard (D:7)
  An adder (D:7)
  An orc (D:7)
7 creatures vanquished.

Vanquished Creatures (others)
  A plant (D:9)
  2 toadstools (D:3)
  8 withered plants (D:4)
11 creatures vanquished.

Grand Total: 316 creatures vanquished

Notes
Turn   | Place    | Note
-------+----------+-------------------------------------------
     0 | D:1      | marklar909 the Troll Berserker began the quest for the Orb.
     0 | D:1      | Reached XP level 1. HP: 22/22 MP: 0/0
   121 | D:1      | Found a snail-covered altar of Cheibriados.
   156 | D:1      | Reached XP level 2. HP: 29/29 MP: 1/1
   236 | D:1      | Reached ** piety under Trog
   281 | D:1      | Reached XP level 3. HP: 36/36 MP: 2/2
   856 | D:2      | Noticed Sigmund
   867 | D:2      | Killed Sigmund
   868 | D:2      | Reached skill level 4 in Unarmed Combat
   868 | D:2      | Reached XP level 4. HP: 42/45 MP: 3/3
   868 | D:2      | Reached XP level 5. HP: 49/53 MP: 4/4
  1106 | D:2      | Reached skill level 5 in Unarmed Combat
  1661 | D:3      | Reached XP level 6. HP: 61/61 MP: 5/5
  1875 | D:3      | Reached *** piety under Trog
  1981 | D:3      | Found a sparkling altar of Nemelex Xobeh.
  2162 | D:3      | Found a glowing drain.
  2184 | Sewer    | Entered a sewer
  2244 | Sewer    | Reached skill level 1 in Throwing
  2461 | Sewer    | Reached XP level 7. HP: 61/67 MP: 6/6
  2494 | Sewer    | Reached skill level 6 in Unarmed Combat
  2746 | Sewer    | Reached skill level 7 in Unarmed Combat
  2843 | D:3      | Reached **** piety under Trog
  2997 | D:4      | Noticed Ijyb
  3010 | D:4      | Killed Ijyb
  3069 | D:4      | Reached XP level 8. HP: 75/75 MP: 7/7
  3173 | D:4      | Noticed Robin
  3192 | D:4      | Killed Robin
  3332 | D:4      | Reached skill level 8 in Unarmed Combat
  3648 | D:5      | Entered Level 5 of the Dungeon
  3695 | D:5      | Found a sand-covered staircase.
  3769 | Ossuary  | Entered an ossuary
  3799 | Ossuary  | Reached ***** piety under Trog
  4039 | Ossuary  | Received a gift from Trog
  4052 | Ossuary  | Reached skill level 5 in Dodging
  4498 | D:5      | Found a radiant altar of Vehumet.
  4545 | D:5      | Reached skill level 9 in Unarmed Combat
  4642 | D:5      | Found a white marble altar of Elyvilon.
  4642 | D:5      | Found a sacrificial altar of Ru.
  4859 | D:6      | Noticed Pikel
  4891 | D:6      | Killed Pikel
  4892 | D:6      | Reached skill level 1 in Armour
  4892 | D:6      | Reached skill level 1 in Stealth
  4892 | D:6      | Reached XP level 9. HP: 69/84 MP: 8/8
  5096 | D:6      | Found a staircase to the Ecumenical Temple.
  5902 | D:7      | Found an ancient bone altar of Kikubaaqudgha.
  6552 | D:7      | Reached skill level 5 in Throwing
  6707 | D:7      | Reached skill level 10 in Unarmed Combat
  6879 | D:7      | Noticed a troll
  6884 | D:7      | Killed a troll
  6885 | D:7      | Reached XP level 10. HP: 94/94 MP: 9/9
  7208 | D:8      | Found a blossoming altar of Fedhas.
  7337 | D:8      | Received a gift from Trog
  7476 | D:8      | Found Gaemif's Antique Weapon Shoppe.
  7561 | D:8      | Found a shadowy altar of Dithmenos.
  7858 | D:9      | Noticed an elephant
  7859 | D:9      | Noticed a two-headed ogre
  7862 | D:9      | Found a staircase to the Lair.
  7874 | D:9      | Killed an elephant
  7878 | D:9      | Mangled by a two-headed ogre

Illustrated notes

Levels and vault maps discovered:
D:1:      matt_arrival_diagonals, layout_basic, corner_web_ring, st_stairs_11,
          chequers_serial_rivers_large_b, cheibriados_altar_1
D:2:      layout_basic, uniq_sigmund
D:3:      layout_loops_ring, lemuel_crystal_altar, cheibrodos_sewer_entry_bend,
          minmay_gold_behind_fungi
D:4:      layout_cave_pools, serial_undead, serial_undead_c, serial_undead_b,
          serial_undead_f, serial_undead_a, serial_undead_a, serial_undead_c,
          serial_undead_b, serial_undead_b, uniq_ijyb, uniq_robin
D:5:      layout_loops_cross, lemuel_coloured_pillars_altar,
          gammafunk_temple_overflow_wave, chequers_ossuary_entry_cave
D:6:      layout_gridville, minmay_temple_entry_drinking_statues, uniq_pikel
D:7:      layout_layer_cave, kiku_gazebo_pond_becter
D:8:      layout_cave_pools, grunt_dithmenos_smoke_and_mirrors,
          old_standard_altar, special_room [special_room_orc], serial_shops,
          shop
D:9:      layout_loops_ring, old_standard_altar, david_lair_generic,
          orc_0_dummy, serial_shops, shop

Skill      XL: |  1  2  3  4  5  6  7  8  9 10 |
---------------+-------------------------------+-----
Dodging        | 3 4 5 6 |  6.4
Fighting       | 3 4 |  4.7
Unarmed Combat | 4 5 7 9 10 | 10.4
Throwing       | 1 2 3 5 |  5.5
Armour         | 1 2 3 |  3.1
Stealth        | 1 |  1.5

Action                   |  1- 3 |  4- 6 |  7- 9 | 10-12 || total
-------------------------+-------+-------+-------+-------++-------
Melee: Unarmed           |   100 |   128 |   436 |    86 ||   750
       Punch             |     1 |     4 |    13 |     3 ||    21
Throw: Dart              |       |    35 |    53 |       ||    88
Invok: Berserk           |     4 |       |    11 |     2 ||    17
       Trog's Hand       |       |     1 |     1 |       ||     2
       Brothers in Arms  |       |       |     1 |       ||     1
 Stab: Confused          |       |       |     1 |       ||     1
       Sleeping          |       |       |     1 |       ||     1
Armor: Animal skin       |    50 |    31 |   111 |    14 ||   206
       Skin              |       |       |     1 |       ||     1
Dodge: Dodged            |    85 |    60 |   240 |    50 ||   435

Table legend: (Time is in decaauts)
 A = Elapsed time spent in this place.
 B = Non-inter-level travel time spent in this place.
 C = Inter-level travel time spent in this place.
 D = Time resting spent in this place.
 E = Time spent auto-exploring this place.
 F = Levels seen in this place.
 G = Mean time per level.
                   A        B        C        D        E       F      G
               +--------+--------+--------+--------+--------+-----+--------+
         Total |   8085 |   7804 |    281 |    236 |   6005 |  11 |  735.0 |
       Dungeon |   7069 |   6788 |    281 |    236 |   5331 |   9 |  785.4 |
         Sewer |    715 |    715 |      0 |      0 |    497 |   1 |  715.0 |
       Ossuary |    301 |    301 |      0 |      0 |    177 |   1 |  301.0 |
               +--------+--------+--------+--------+--------+-----+--------+

Top non-repeatable levels by time:
     D:7: 1454 daAuts
     D:6: 1034 daAuts
     D:1: 855 daAuts
     D:3: 853 daAuts
     D:2: 824 daAuts
     D:5: 750 daAuts
   Sewer: 715 daAuts
     D:8: 627 daAuts
     D:4: 613 daAuts
 Ossuary: 301 daAuts
     D:9: 55 daAuts
